 Dungeon Crawl Stone Soup version 0.13-a0-1606-g53bcbbc (webtiles) character file.

977 Root the Cleaver (level 7, 0/59 HPs)
             Began as a Minotaur Berserker on June 14, 2013.
             Was a Priest of Trog.
             Slain by a centaur
             ... wielding a cursed -1,-2 bow
              (3 damage)
             ... on Level 4 of the Dungeon.
             The game lasted 00:05:35 (3066 turns).

Root the Cleaver (Minotaur Berserker)               Turns: 3066, Time: 00:05:35

HP   0/59        AC  8     Str 23      XL: 7   Next: 71%
MP   2/2         EV  7     Int  4      God: Trog [***...]
Gold 116         SH  0     Dex  9 (10) Spells:  0 memorised,  6 levels left

Res.Fire  : . . .   See Invis. : .   t - +0,+1 orc war axe
Res.Cold  : . . .   Warding    : .   n - +0 chain mail
Life Prot.: . . .   Conserve   : .   (no shield)
Res.Poison: +       Res.Corr.  : .   (helmet restricted)
Res.Elec. : .       Clarity    : .   (no cloak)
Sust.Abil.: . .     Spirit.Shd : .   (no gloves)
Res.Mut.  : .       Stasis     : .   (no boots)
Res.Rott. : .       Flight     : .   (no amulet)
Saprovore : . . .                    (no ring)
                                     h - ring of poison resistance

@: slightly resistant to hostile enchantments, extremely unstealthy
A: retaliatory headbutt, horns 2
a: Burn Spellbooks, Berserk, Trog's Hand, Renounce Religion


You were on level 4 of the Dungeon.
You worshipped Trog.
Trog was greatly pleased with you.
You were not hungry.

You visited 1 branch of the dungeon, and saw 4 of its levels.

You collected 96 gold pieces.

Inventory:

Hand weapons
 t - a +0,+1 orcish war axe (weapon)
Armour
 n - a +0 chain mail (worn)
Comestibles
 c - 4 bread rations
Scrolls
 a - a scroll of recharging {unknown}
 d - a scroll of remove curse
 e - a scroll of enchant weapon II {unknown}
 g - 2 scrolls of teleportation {unknown}
 k - a scroll of random uselessness {unknown}
 l - 5 scrolls of identify
 m - a scroll of fog {unknown}
 q - 2 scrolls of curse armour {unknown}
 r - a scroll of enchant weapon I {unknown}
 s - a scroll of blinking {unknown}
 u - a scroll of noise {unknown}
Jewellery
 h - a ring of poison resistance (left hand)
Potions
 b - 2 potions of curing {unknown}
 f - a potion of brilliance {unknown}
 i - 2 potions of invisibility {unknown}
 j - 3 potions of heal wounds {unknown}
 p - a potion of poison {unknown}
Books
 o - a book of the Sky

   Spells                             Type                      Level
   Flight                             Charms/Air                   3
   Airstrike                          Air                          4
   Silence                            Hexes/Air                    5
   Deflect Missiles                   Charms/Air                   6
   Conjure Ball Lightning             Conjuration/Air              7
   Tornado                            Air                          9
   Trog disapproves of the use of such an item.


   Skills:
 - Level 3.6 Fighting
 + Level 10.8 Axes
 - Level 2.4 Armour
 - Level 2.1 Dodging


You had 6 spell levels left.
You didn't know any spells.

Dungeon Overview and Level Annotations

Branches:
Dungeon (4/27)
 Temple: D:4-7

Altars:
Fedhas
Nemelex Xobeh
Xom
Yredelemnul

Annotations
D:4 Prince Ribbit


Innate Abilities, Weirdness & Mutations

You reflexively headbutt those who attack you in melee.
You have a pair of horns on your head.


Message History

The centaur hits you with a bow.
* * * LOW HITPOINT WARNING * * *
The centaur hits you with a bow.
* * * LOW HITPOINT WARNING * * *
You slash the centaur! You headbutt the centaur.
The centaur is severely wounded.
The centaur hits you with a bow.
* * * LOW HITPOINT WARNING * * *
Your chain mail prevents you from hitting the centaur.
Your headbutt misses the centaur.
The centaur is severely wounded.
The centaur closely misses you.
You hit the centaur but do no damage. You headbutt the centaur.
The centaur is severely wounded.
The centaur hits you with a bow.
* * * LOW HITPOINT WARNING * * *
You completely miss the centaur. Your headbutt misses the centaur.
The centaur is severely wounded.
The centaur hits you with a bow.
You die...

#.####.....##.####...###
#................ .....
#####...#####.## ....##
#######^..# #.###.#...##
#...##....# ##... ........
#.........##....# #.#.....
##.......<.#.....# #.#.....
#......###c#.....###.......
#.........@_...............
#..(.(####(..##..#####...##
#.(...# #....##............
#...### #....###.##.......#
#.c.# #...## #.##.......#
##.## ##.## #...)#.....#
c.. ..# #####.....### #...
..# #...#......## #... ..#
#.....<....##


You could see a centaur.

Vanquished Creatures
  The ghost of Root the Chopper, an average MiBe of Trog (D:4)
  Eustachio (D:3)
  3 ogres (D:4)
  A phantom (D:4)
  Blork the orc (D:3)
  A quasit (D:3)
  An iron imp (D:3)
  A hound (D:3)
  6 adders
  A green rat (D:3)
  A shadow imp (D:3)
  A white imp (D:3)
  A giant mite (D:3)
  3 worms
  5 giant geckos
  8 orcs
  4 ball pythons
  4 giant cockroaches
  7 goblins
  5 hobgoblins
  6 jackals
  10 kobolds
  A quokka (D:3)
  3 bats
  2 giant newts (D:3)
  12 rats
90 creatures vanquished.

Notes
Turn   | Place    | Note
--------------------------------------------------------------
     0 | D:1      | Root, the Minotaur Berserker, began the quest for the Orb.
     0 | D:1      | Reached XP level 1. HP: 19/19 MP: 0/0
   199 | D:1      | Reached skill level 4 in Axes
   316 | D:1      | Reached XP level 2. HP: 21/26 MP: 0/0
   860 | D:2      | Reached skill level 5 in Axes
   999 | D:2      | Reached XP level 3. HP: 20/33 MP: 1/1
  1005 | D:2      | Acquired Trog's second power
  1189 | D:2      | Found a blossoming altar of Fedhas.
  1467 | D:2      | Reached XP level 4. HP: 39/39 MP: 1/1
  1469 | D:2      | Reached skill level 6 in Axes
  2056 | D:3      | Found a sparkling altar of Nemelex Xobeh.
  2232 | D:4      | Noticed an ogre
  2236 | D:4      | Killed an ogre
  2236 | D:4      | Reached skill level 7 in Axes
  2236 | D:4      | Reached XP level 5. HP: 23/46 MP: 1/1
  2288 | D:4      | Noticed an ogre
  2407 | D:4      | Killed an ogre
  2407 | D:4      | Reached skill level 8 in Axes
  2407 | D:4      | Reached XP level 6. HP: 16/52 MP: 2/2
  2624 | D:4      | Noticed Prince Ribbit
  2626 | D:4      | Noticed an ogre
  2674 | D:4      | Noticed Eustachio
  2674 | D:4      | Noticed Blork the orc
  2683 | D:3      | Killed Blork the orc
  2683 | D:3      | Reached skill level 9 in Axes
  2757 | D:3      | Killed Eustachio
  2757 | D:3      | Reached XP level 7. HP: 47/59 MP: 2/2
  2844 | D:4      | Noticed Root's ghost (average MiBe)
  2850 | D:4      | Killed Root's ghost
  2850 | D:4      | Reached skill level 10 in Axes
  2950 | D:4      | Noticed a phantom
  2955 | D:4      | Killed a phantom
  2961 | D:4      | Found a basalt altar of Yredelemnul.
  2997 | D:4      | Killed an ogre
  3026 | D:4      | Found a shimmering altar of Xom.
  3049 | D:4      | Noticed a centaur
  3065 | D:4      | HP: 2/59 [centaur/bow (3)]
  3066 | D:4      | Slain by a centaur

Action                   |  1- 3 |  4- 6 |  7- 9 || total
-------------------------+-------+-------+-------++-------
Melee: Hand axe          |    93 |   117 |       ||   210
       War axe           |       |    10 |    35 ||    45
Invok: Berserk           |       |     3 |       ||     3
  Use: Scroll            |       |     3 |       ||     3
